 Dungeon Crawl Stone Soup version 0.23.2-40-g277498a001 (webtiles) character file.

Game seed: 3589075103546318283

51 Descartes the Grasshopper (level 3, -2/16 HPs)
             Began as a Felid Warper on Oct 9, 2019.
             Slain by Terence
             ... wielding a +3 falchion
              (6 damage)
             ... on level 2 of the Dungeon.
             The game lasted 00:05:13 (1755 turns).

Descartes the Grasshopper (Felid Warper)            Turns: 1755, Time: 00:05:13

Health: -2/16      AC:  1    Str:  7    XL:     3   Next: 58%
Magic:  7/7        EV: 19    Int: 15    God:
Gold:   75         SH:  0    Dex: 15    Spells: 2/6 levels left
                                        Lives:  0   Deaths: 0

rFire    . . .     SeeInvis +     - Unarmed
rCold    . . .     Gourm    .   (shield unavailable)
rNeg     . . .     Faith    .   (armour unavailable)
rPois    .         Spirit   .   (helmet unavailable)
rElec    .         Reflect  .   (cloak unavailable)
rCorr    .         Harm     .   (gloves unavailable)
MR       .....                  (boots unavailable)
Stlth    ++........             g - amulet of regeneration
HPRegen  0.45/turn              (no ring)
MPRegen  0.10/turn              (no ring)

@: quick
A: very small, no armour, no weapons or thrown items, stealth, claws 1, fangs 3,
see invisible, carnivore, speed 1, shaggy fur 1, slow metabolism 1, sharp paws
a: no special abilities


You were on level 2 of the Dungeon.
You were very full.

You visited 1 branch of the dungeon, and saw 2 of its levels.

You collected 75 gold pieces.

Inventory:

Missiles
 a - 37 arrows
 e - 13 stones
Jewellery
 g - an amulet of regeneration (around neck)
Scrolls
 b - a scroll of blinking
 d - 2 scrolls of identify {unknown}
Potions
 h - a potion of cancellation {unknown}
Comestibles
 c - 3 rations
 f - 6 chunks of flesh


   Skills:
 + Level 2.3 Fighting
 * Level 3.8 Dodging
 * Level 2.1 Stealth
 * Level 2.6 Unarmed Combat
 + Level 2.1 Spellcasting
 + Level 0.6 Charms
 + Level 4.5 Translocations


You had 2 spell levels left.
You knew the following spells:

 Your Spells              Type           Power        Failure   Level  Hunger
a - Blink                 Tloc           N/A          5%          2    ###....
b - Shroud of Golubria    Chrm/Tloc      #.........   12%         2    ###....

Your spell library contained the following spells:

 Spells                   Type           Power        Failure   Level  Hunger
 Gell's Gravitas          Tloc           ###.......   11%         3    ###....
 Lesser Beckoning         Tloc           ###.......   11%         3    ###....
 Teleport Other           Tloc           ###.....     11%         3    ###....
 Passage of Golubria      Tloc           N/A          34%         4    #####..


Dungeon Overview and Level Annotations

Branches:
Dungeon (2/15)

Altars:

Annotations:
D:2 Terence


Innate Abilities, Weirdness & Mutations

You cannot wear armour.
You are incapable of wielding weapons or throwing items.
Your paws allow you to move quietly. (Stealth)
You have sharp claws.
You have razor-sharp teeth.
You have supernaturally acute eyesight. (SInv)
You are carnivorous and can eat meat at any time.
You cover ground quickly.
You are covered in fur. (AC +1)
You have a slow metabolism.
Your sharp claws are effective at attacking unaware monsters.


Message History

Terence hits you but does no damage.
You scratch Terence.
Terence is moderately wounded.
Terence completely misses you.
You barely miss Terence.
Terence is moderately wounded.
Terence closely misses you.
You barely miss Terence.
Terence is moderately wounded.
You scratch Terence but do no damage.
Terence is moderately wounded.
Terence closely misses you.
You scratch Terence but do no damage.
Terence is moderately wounded.
Terence hits you with a +3 falchion!
* * * LOW HITPOINT WARNING * * *
You scratch Terence but do no damage.
Terence is moderately wounded.
Terence hits you with a +3 falchion.
You die...

#.# #..# ###.###.##.# #.# #.#
#.## #.# #.##.# #.# #.# #.# #.#
#....# #.# #.# #.# #'######## #.#
#.# #.# ##...## #.# ..######.##
##.....## ##.# #.........#
##.......## ##..###
#.#####...####....?....####......
.....).....(.((.@.....?+.....>..#
#.###.#...####..@......####...#.#
#.# #.##..# ##.......## #..##.#
#.###.###.# ##.....## #......
#.........# ##...## #####.#
#####.##### #+## ##.# ###.####
#.# ######... #.รท....# #.#
#........ #.#.##.###### ##.##
#.####...


You could see Terence.

Vanquished Creatures
  An adder (D:2)
  A leopard gecko (D:1)
  A ball python (D:1)
  3 giant cockroaches (D:1)
  10 goblins
  5 hobgoblins (D:1)
  4 jackals (D:1)
  4 bats (D:1)
  3 frilled lizards
  2 kobolds
  2 rats (D:1)
36 creatures vanquished.

Notes
Turn   | Place    | Note
-------+----------+-------------------------------------------
     0 | D:1      | Descartes the Felid Warper began the quest for the Orb.
     0 | D:1      | Reached XP level 1. HP: 9/9 MP: 4/4
   108 | D:1      | Reached skill level 1 in Stealth
   477 | D:1      | Reached XP level 2. HP: 13/13 MP: 6/6
   792 | D:1      | Learned a level 2 spell: Blink
   795 | D:1      | Learned a level 2 spell: Shroud of Golubria
  1141 | D:1      | Reached XP level 3. HP: 13/16 MP: 7/7
  1393 | D:2      | Noticed Terence
  1755 | D:2      | Slain by Terence

Skill      XL: |  1  2  3 |
---------------+----------+-----
Stealth        | 1 2 |  2.1
Fighting       | |  2.3
Dodging        | |  3.8
Unarmed Combat | |  2.6
Spellcasting   | |  2.1
Charms         | |  0.6
Translocations | |  4.5

Action                   || total
-------------------------++-------
Melee: Unarmed           ||   156
       Bite              ||     9
       Punch             ||     1
 Cast: Shroud of Golubri ||    14
       Blink             ||     3
 Stab: Sleeping          ||     4
  Eat: Chunk             ||    10
Armor: Skin              ||     5
Dodge: Dodged            ||   140
